3AA
ASHEVILLE HIGHLANDERS @ FT. POLK SOUTH THUNDER HAWKS
08/18/2034
 
TOP OF THE 1ST
Asheville Highlanders batting - Pitching for Ft. Polk South Thunder Hawks : RHP Ratko Davidovic
Pitching: RHP Ratko Davidovic
Batting: LHB Govaart Pleijt 0-0: Ball
1-0: Fly out, F6 (Line Drive, 6M)
Batting: LHB Luis Serrano 0-0: Foul Ball, location: 2F
0-1: Called Strike
0-2: Ball
1-2: Strikes out swinging
Batting: LHB Johnny Carter 0-0: Ball
1-0: Foul Ball, location: 2F
1-1: Fly out, F9 (Line Drive, 9)
Top of the 1st over - 0 runs, 0 hits, 0 errors, 0 left on base; Asheville 0 - Ft. Polk South 0
BOTTOM OF THE 1ST
Ft. Polk South Thunder Hawks batting - Pitching for Asheville Highlanders : RHP Jacob Petithomme
Pitching: RHP Jacob Petithomme
Batting: LHB Augusto Reyes 0-0: Called Strike
0-1: Foul Ball, location: 2F
0-2: Ball
1-2: Ball
2-2: DOUBLE (Flyball, 78D)
Batting: LHB Yu Miao 0-0: Called Strike
0-1: Ball
1-1: Ball
2-1: DOUBLE (Line Drive, 9LS)
Augusto Reyes scores
Batting: RHB Kyuso Kouno 0-0: Called Strike
0-1: Fly out, F4 (Line Drive, 4M)
Batting: LHB Shohei Otani 0-0: Called Strike
0-1: Swinging Strike
0-2: Foul Ball, location: 2F
0-2: Foul Ball, location: 2F
0-2: Strikes out swinging
Batting: LHB Marc Ben 0-0: Ground out 5-3 (Groundball, 56S)
Bottom of the 1st over - 1 run, 2 hits, 0 errors, 1 left on base; Asheville 0 - Ft. Polk South 1
TOP OF THE 2ND
Asheville Highlanders batting - Pitching for Ft. Polk South Thunder Hawks : RHP Ratko Davidovic
Batting: LHB King Rutledge 0-0: Swinging Strike
0-1: Swinging Strike
0-2: Ball
1-2: Strikes out looking
Batting: RHB Arnie Taylor 0-0: Called Strike
0-1: Called Strike
0-2: Strikes out swinging, 2-3 out at first.
Batting: LHB DeMarvion Overshown 0-0: Ground out 4-3 (Groundball, 4)
Top of the 2nd over - 0 runs, 0 hits, 0 errors, 0 left on base; Asheville 0 - Ft. Polk South 1
BOTTOM OF THE 2ND
Ft. Polk South Thunder Hawks batting - Pitching for Asheville Highlanders : RHP Jacob Petithomme
Batting: RHB Pedro Larate 0-0: Foul Ball, location: 2F
0-1: Fly out, F3 (Popup, 3S)
Batting: SHB Dong-joo Yu 0-0: Ball
1-0: Ball
2-0: Called Strike
2-1: Swinging Strike
2-2: SINGLE (Groundball, 56D)
Batting: RHB Juan Mata 0-0: Ball
Wild Pitch!
Dong-joo Yu to second
1-0: Foul Ball, location: 2F
1-1: Ball
2-1: Ball
3-1: Foul Ball, location: 2F
3-2: SINGLE (Groundball, 4) (infield hit)
Dong-joo Yu to third
Batting: RHB Ruggiero Veneziano 0-0: Called Strike
0-1: Foul Ball, location: 2F
0-2: Ground out 5-3 (Groundball, 56S)
Dong-joo Yu scores
Juan Mata to second
Batting: LHB Augusto Reyes 0-0: Called Strike
0-1: Foul Ball, location: 2F
0-2: Ball
1-2: 2-RUN HOME RUN (Flyball, 9D), Distance : 351 ft
Batting: LHB Yu Miao 0-0: SINGLE (Line Drive, 78S)
Batting: RHB Kyuso Kouno 0-0: SINGLE (Flyball, 89S)
Yu Miao to second
Runner from 2nd tries for 3rd, SAFE, no throw
Batting: LHB Shohei Otani 0-0: Ball
1-0: Ball
2-0: Called Strike
2-1: Called Strike
2-2: Ball
3-2: Base on Balls
Kyuso Kouno to second
Batting: LHB Marc Ben 0-0: Called Strike
0-1: Ball
1-1: Foul Ball, location: 2F
1-2: Ball
2-2: Ball
3-2: Foul Ball, location: 2F
3-2: Ground out 4-3 (Groundball, 34)
Bottom of the 2nd over - 3 runs, 5 hits, 0 errors, 3 left on base; Asheville 0 - Ft. Polk South 4
TOP OF THE 3RD
Asheville Highlanders batting - Pitching for Ft. Polk South Thunder Hawks : RHP Ratko Davidovic
Batting: SHB Jeff Lowe 0-0: SINGLE (Flyball, 9LS)
Batting: RHB Daniel Arbogast 0-0: DOUBLE (Flyball, 89D)
Jeff Lowe to third
Batting: SHB Daniel Brewer 0-0: Ground out U3 (Groundball, 3)
Batting: LHB Govaart Pleijt 0-0: Ball
1-0: Ball
2-0: Ball
3-0: Base on Balls
Batting: LHB Luis Serrano 0-0: Ball
1-0: Foul Ball, location: 2F
1-1: Ball
2-1: Foul Ball, location: 2F
2-2: Ball
3-2: Foul Ball, location: 2F
3-2: Grounds into double play, 3-6-1 (Groundball, 34)
Top of the 3rd over - 0 runs, 2 hits, 0 errors, 2 left on base; Asheville 0 - Ft. Polk South 4
BOTTOM OF THE 3RD
Ft. Polk South Thunder Hawks batting - Pitching for Asheville Highlanders : RHP Jacob Petithomme
Batting: RHB Pedro Larate 0-0: SINGLE (Groundball, 15) (infield hit)
Batting: SHB Dong-joo Yu 0-0: Called Strike
0-1: Ball
1-1: Ball
2-1: Ground out U3 (Groundball, 34S)
Pedro Larate to second
Batting: RHB Juan Mata 0-0: Called Strike
Pedro Larate steals 3rd base
0-1: Ball
1-1: Swinging Strike
1-2: Strikes out swinging
Batting: RHB Ruggiero Veneziano 0-0: Ball
1-0: Ball
2-0: Ball
3-0: Called Strike
3-1: Swinging Strike
3-2: Foul Ball, location: 2F
3-2: Foul Ball, location: 2F
3-2: Foul Ball, location: 2F
3-2: Foul Ball, location: 2F
3-2: Ground out 6-3 (Groundball, 6)
Bottom of the 3rd over - 0 runs, 1 hit, 0 errors, 1 left on base; Asheville 0 - Ft. Polk South 4
TOP OF THE 4TH
Asheville Highlanders batting - Pitching for Ft. Polk South Thunder Hawks : RHP Ratko Davidovic
Batting: LHB Johnny Carter 0-0: Swinging Strike
0-1: Foul Ball, location: 2F
0-2: Ball
1-2: Ball
2-2: Foul Ball, location: 2F
2-2: Foul Ball, location: 2F
2-2: SINGLE (Groundball, 34D)
Batting: LHB King Rutledge 0-0: Ball
1-0: Foul Ball, location: 2F
1-1: Grounds into double play, 6-4-3 (Groundball, 6)
Batting: RHB Arnie Taylor 0-0: Called Strike
0-1: Foul Ball, location: 2F
0-2: Ball
1-2: Strikes out looking
Top of the 4th over - 0 runs, 1 hit, 0 errors, 0 left on base; Asheville 0 - Ft. Polk South 4
BOTTOM OF THE 4TH
Ft. Polk South Thunder Hawks batting - Pitching for Asheville Highlanders : RHP Jacob Petithomme
Batting: LHB Augusto Reyes 0-0: Called Strike
0-1: Foul Ball, location: 2F
0-2: Ball
1-2: Foul Ball, location: 2F
1-2: Strikes out swinging
Batting: LHB Yu Miao 0-0: Called Strike
0-1: Ball
1-1: Ground out 4-3 (Groundball, 4)
Batting: RHB Kyuso Kouno 0-0: Ball
1-0: Swinging Strike
1-1: Foul Ball, location: 2F
1-2: Ball
2-2: Fly out, F7 (Flyball, 7S)
Bottom of the 4th over - 0 runs, 0 hits, 0 errors, 0 left on base; Asheville 0 - Ft. Polk South 4
TOP OF THE 5TH
Asheville Highlanders batting - Pitching for Ft. Polk South Thunder Hawks : RHP Ratko Davidovic
Batting: LHB DeMarvion Overshown 0-0: Called Strike
0-1: Called Strike
0-2: Fly out, F9 (Flyball, 9LSF)
Batting: SHB Jeff Lowe 0-0: Ball
1-0: Ball
2-0: Swinging Strike
2-1: Fly out, F8 (Flyball, 89S)
Batting: RHB Daniel Arbogast 0-0: Ball
1-0: Foul Ball, location: 2F
1-1: Ball
2-1: Ball
3-1: Foul Ball, location: 2F
3-2: Ground out 4-3 (Groundball, 4)
Top of the 5th over - 0 runs, 0 hits, 0 errors, 0 left on base; Asheville 0 - Ft. Polk South 4
BOTTOM OF THE 5TH
Ft. Polk South Thunder Hawks batting - Pitching for Asheville Highlanders : RHP Jacob Petithomme
Batting: LHB Shohei Otani 0-0: Ball
1-0: Swinging Strike
1-1: Swinging Strike
1-2: Strikes out looking
Batting: LHB Marc Ben 0-0: Foul Ball, location: 2F
0-1: Called Strike
0-2: Strikes out swinging
Batting: RHB Pedro Larate 0-0: Called Strike
0-1: Ball
1-1: Ball
2-1: Fly out, F7 (Line Drive, 7S)
Bottom of the 5th over - 0 runs, 0 hits, 0 errors, 0 left on base; Asheville 0 - Ft. Polk South 4
TOP OF THE 6TH
Asheville Highlanders batting - Pitching for Ft. Polk South Thunder Hawks : RHP Ratko Davidovic
Batting: SHB Daniel Brewer 0-0: Called Strike
0-1: Ground out 4-3 (Groundball, 34D)
Batting: LHB Govaart Pleijt 0-0: Ball
1-0: Ground out 6-3 (Groundball, 6)
Batting: LHB Luis Serrano 0-0: Ball
1-0: Called Strike
1-1: Swinging Strike
1-2: Ball
2-2: Foul Ball, location: 2F
2-2: Strikes out swinging
Top of the 6th over - 0 runs, 0 hits, 0 errors, 0 left on base; Asheville 0 - Ft. Polk South 4
BOTTOM OF THE 6TH
Ft. Polk South Thunder Hawks batting - Pitching for Asheville Highlanders : RHP Jacob Petithomme
Batting: SHB Dong-joo Yu 0-0: Swinging Strike
0-1: Ground out 5-3 (Groundball, 5)
Batting: RHB Juan Mata 0-0: Ground out 6-3 (Groundball, 6)
Batting: RHB Ruggiero Veneziano 0-0: Ball
1-0: Called Strike
1-1: Ball
2-1: SINGLE (Line Drive, 56)
Pitching: LHP Stewart Cartwright
Batting: LHB Augusto Reyes 0-0: Called Strike
0-1: Swinging Strike
0-2: Foul Ball, location: 2F
0-2: Hit by Pitch
Ruggiero Veneziano to second
Batting: LHB Yu Miao 0-0: Foul Ball, location: 2F
0-1: Ball
1-1: Ball
2-1: Foul Ball, location: 2F
2-2: Foul Ball, location: 2F
2-2: Ball
3-2: Fly out, F8 (Flyball, 8RS)
Bottom of the 6th over - 0 runs, 1 hit, 0 errors, 2 left on base; Asheville 0 - Ft. Polk South 4
TOP OF THE 7TH
Asheville Highlanders batting - Pitching for Ft. Polk South Thunder Hawks : RHP Ratko Davidovic
Batting: LHB Johnny Carter 0-0: Called Strike
0-1: Ball
1-1: Foul Ball, location: 2F
1-2: Ball
2-2: SINGLE (Line Drive, 4MD)
Batting: LHB King Rutledge 0-0: Called Strike
0-1: Swinging Strike
0-2: Ball
1-2: Ball
2-2: Foul Ball, location: 2F
2-2: SINGLE (Groundball, 4MD)
Johnny Carter to second
Batting: RHB Arnie Taylor 0-0: Called Strike
0-1: Foul Ball, location: 2F
0-2: Ball
1-2: Strikes out looking
Batting: LHB DeMarvion Overshown 0-0: Ball
1-0: Foul Ball, location: 2F
1-1: Ball
2-1: SINGLE (Flyball, 9LS)
Johnny Carter to third
King Rutledge to second
Runner from 3rd tries for Home, SAFE, no throw
Pitching: RHP Gunnar Hoglund
Batting: SHB Jeff Lowe 0-0: Called Strike
0-1: Ball
1-1: Foul Ball, location: 2F
1-2: Strikes out looking
Batting: RHB Daniel Arbogast 0-0: Ball
1-0: Foul Ball, location: 2F
1-1: Swinging Strike
1-2: Ball
2-2: Strikes out swinging
Top of the 7th over - 1 run, 3 hits, 0 errors, 2 left on base; Asheville 1 - Ft. Polk South 4
BOTTOM OF THE 7TH
Ft. Polk South Thunder Hawks batting - Pitching for Asheville Highlanders : LHP Stewart Cartwright
Batting: RHB Kyuso Kouno 0-0: Ball
1-0: Called Strike
1-1: Foul Ball, location: 2F
1-2: Fly out, F4 (Popup, 4S)
Pitching: LHP Clyde Bavin
Batting: LHB Shohei Otani 0-0: Ball
1-0: Foul Ball, location: 2F
1-1: Called Strike
1-2: Ball
2-2: Ground out 4-3 (Groundball, 4)
Batting: LHB Marc Ben 0-0: Called Strike
0-1: Foul Ball, location: 2F
0-2: Ball
1-2: Foul Ball, location: 2F
1-2: Foul Ball, location: 2F
1-2: TRIPLE (Line Drive, 9LD)
Batting: RHB Pedro Larate 0-0: Ball
1-0: Swinging Strike
1-1: Ground out 6-3 (Groundball, 6)
Bottom of the 7th over - 0 runs, 1 hit, 0 errors, 1 left on base; Asheville 1 - Ft. Polk South 4
TOP OF THE 8TH
Asheville Highlanders batting - Pitching for Ft. Polk South Thunder Hawks : RHP Gunnar Hoglund
Batting: SHB Daniel Brewer 0-0: Ground out 3-1 (Groundball, 34S)
Batting: LHB Govaart Pleijt 0-0: Foul Ball, location: 2F
0-1: Ball
1-1: Swinging Strike
1-2: SINGLE (Line Drive, 7LS)
Batting: LHB Luis Serrano 0-0: Ball
1-0: Called Strike
1-1: Ball
2-1: Grounds into double play, 4-6-3 (Groundball, 4)
Top of the 8th over - 0 runs, 1 hit, 0 errors, 0 left on base; Asheville 1 - Ft. Polk South 4
BOTTOM OF THE 8TH
Ft. Polk South Thunder Hawks batting - Pitching for Asheville Highlanders : LHP Clyde Bavin
Batting: SHB Dong-joo Yu 0-0: Ball
1-0: Ball
2-0: Called Strike
2-1: Fly out, F2 (Popup, 3SF)
Batting: RHB Juan Mata 0-0: Ball
1-0: Ball
2-0: Ground out 5-3 (Groundball, 5L)
Batting: RHB Ruggiero Veneziano 0-0: Called Strike
0-1: DOUBLE (Flyball, 8LXD) - OUT at third base trying to stretch hit.
Bottom of the 8th over - 0 runs, 1 hit, 0 errors, 0 left on base; Asheville 1 - Ft. Polk South 4
TOP OF THE 9TH
Asheville Highlanders batting - Pitching for Ft. Polk South Thunder Hawks : RHP Gunnar Hoglund
Batting: LHB Johnny Carter 0-0: Ball
1-0: SINGLE (Groundball, 3D)
Batting: LHB King Rutledge 0-0: Swinging Strike
0-1: Ball
1-1: Called Strike
1-2: Ball
2-2: Ball
3-2: Foul Ball, location: 2F
3-2: SINGLE (Groundball, 34D)
Johnny Carter to second
Batting: RHB Arnie Taylor 0-0: Foul Ball, location: 2F
0-1: Foul Ball, location: 2F
0-2: Strikes out looking
Batting: LHB DeMarvion Overshown 0-0: Ball
1-0: Ball
2-0: Ball
Wild Pitch!
Johnny Carter to third
King Rutledge to second
3-0: Called Strike
3-1: Base on Balls
Batting: SHB Jeff Lowe 0-0: Called Strike
0-1: Called Strike
0-2: Ball
1-2: Foul Ball, location: 2F
1-2: Strikes out looking
Batting: RHB Daniel Arbogast 0-0: Called Strike
0-1: Ball
1-1: Ground out 4-3 (Groundball, 4)
Top of the 9th over - 0 runs, 2 hits, 0 errors, 3 left on base; Asheville 1 - Ft. Polk South 4
Friday, March 29th, 2019 - OOTP Baseball 18.8 Build 76